 Dungeon Crawl Stone Soup version 0.31-a0-210-gccc998df9b (webtiles) character file.

Game seed: 2240219440246802891

117 qw the Shooter (level 4, -1/37 HPs)
             Began as a Minotaur Hexslinger on June 29, 2023.
             Slain by a hobgoblin (7 damage)
             ... led by Robin
             ... on level 2 of the Dungeon.
             The game lasted 00:00:43 (1443 turns).

qw the Shooter (Minotaur Hexslinger)                Turns: 1443, Time: 00:00:44

Health: -1/37      AC:  2    Str: 13    XL:     4   Next: 71%
Magic:  4/4        EV: 12    Int: 10    God:
Gold:   43         SH:  0    Dex: 14    Spells: 4/5 levels left

rFire   . . .        Y - +1 sling
rCold   . . .        (no shield)
rNeg    . . .        c - +0 robe
rPois   .            (helmet restricted)
rElec   .            (no cloak)
rCorr   .            (no gloves)
SInv    .            (no boots)
Will    .....        e - amulet of faith
Stlth   +            (no ring)
HPRegen 0.26/turn    (no ring)
MPRegen 0.09/turn

%: faith
@: no status effects
A: horns 2, retaliatory headbutt
a: no special abilities


You were on level 2 of the Dungeon.
You visited 1 branch of the dungeon, and saw 2 of its levels.

You collected 43 gold pieces.


Innate Abilities, Weirdness & Mutations

You have a pair of horns on your head.
You reflexively headbutt those who attack you in melee.


   Skills:
 + Level 2.7 Fighting
 - Level 5.0 Ranged Weapons
 - Level 2.1 Dodging
 - Level 1.0 Spellcasting
 - Level 2.0 Hexes


You had 4 spell levels left.
You knew the following spells:

 Your Spells              Type           Power      Damage    Failure   Level
a - Slow                  Hex            16%        N/A       16%         1

Your spell library contained the following spells:

 Spells                   Type           Power      Damage    Failure   Level
 Inner Flame              Hex/Fire       2%         N/A       56%         3
 Portal Projectile        Hex/Tloc       4%         N/A       56%         3
 Cause Fear               Hex            2%         N/A       83%         4

Inventory:

Hand Weapons
 Y - a +1 sling (weapon)
Armour
 c - a +0 robe (worn)
 g - a +0 leather armour
 j - a +0 ring mail
Jewellery
 e - an amulet of faith (around neck)
Scrolls
 a - a scroll of identify
 b - a scroll of immolation {unknown}
 d - a scroll of enchant weapon {unknown}
 h - a scroll of enchant armour {unknown}
 i - a scroll of teleportation {unknown}
Potions
 f - a potion of haste {unknown}

Dungeon Overview and Level Annotations

Branches:
Dungeon (2/15)

Altars:

Annotations:
D:2 Robin


Message History

You shoot a sling bullet.
The sling bullet barely misses the hobgoblin.
The sling bullet hits the hobgoblin.
The hobgoblin is severely wounded.
The hobgoblin closely misses you.
You shoot a sling bullet.
The sling bullet barely misses the hobgoblin.
Robin of the Strong Arm comes into view.
They are wielding a +0 whip.
The hobgoblin misses you.
Robin roars a battlecry!
The goblins go into a battle-frenzy!
The hobgoblin barely misses you. You furiously retaliate!
You headbutt the hobgoblin.
You kill the hobgoblin!
The hobgoblin barely misses you.
You shoot a sling bullet.
The sling bullet barely misses the goblin.
The hobgoblin closely misses you.
You shoot a sling bullet.
The sling bullet barely misses the goblin.
The hobgoblin hits you but does no damage.
The goblin closely misses you.
You shoot a sling bullet. The sling bullet hits the goblin.
The goblin is moderately wounded.
The hobgoblin hits you. The goblin hits you with a +0 club.
The hobgoblin misses you. You furiously retaliate!
You headbutt the hobgoblin. You shoot a sling bullet.
The sling bullet barely misses the goblin.
The hobgoblin closely misses you. The hobgoblin hits you!
The goblin barely misses you.
You shoot a sling bullet. The sling bullet hits the goblin!
You kill the goblin!
The hobgoblin hits you.
You shoot a sling bullet. The sling bullet hits the hobgoblin.
The hobgoblin is heavily wounded.
The hobgoblin hits you. The hobgoblin barely misses you.
You shoot a sling bullet. The sling bullet hits the hobgoblin.
You kill the hobgoblin!
Robin hits you with a +0 whip. The hobgoblin hits you. The hobgoblin hits you!
You die...

#>.. #..
#). #..
#####)#
#....)#
#...%g#
#...g@#
#####.#
######.##
#.......#
#.....[.#
#.......#
#.......#
#.......#
#.......#


You could see Robin and a hobgoblin (strong).

Vanquished Creatures
  4 adders (D:2)
  2 dart slugs
  6 bats
  5 endoplasms
  2 giant cockroaches (D:2)
  10 goblins
  15 hobgoblins
  4 quokkas
  9 ball pythons
  3 frilled lizards
  4 kobolds
  8 rats
72 creatures vanquished.

Notes
Turn   | Place    | Note
-------+----------+-------------------------------------------
     0 | D:1      | qw the Minotaur Hexslinger began the quest for the Orb.
     0 | D:1      | Reached XP level 1. HP: 16/16 MP: 1/1
     0 | D:1      | 0 ||| qw: Version: 0.3-a-24-ga2abf7b
     0 | D:1      | 0 ||| qw: Game counter: 6944
     0 | D:1      | 0 ||| qw: Melee chars always use a shield: true
     0 | D:1      | 0 ||| qw: God list: Okawaru
     0 | D:1      | 0 ||| qw: Allow faded altars: false
     0 | D:1      | 0 ||| qw: Do Orc after clearing Dungeon:15 true
     0 | D:1      | 0 ||| qw: Do second Lair branch before Depths: true
     0 | D:1      | 0 ||| qw: Lair rune preference: random
     0 | D:1      | 0 ||| qw: Goals: Normal
     0 | D:1      | 0 ||| PLANNING D:1-11
   182 | D:1      | Reached skill level 3 in Ranged Weapons
   182 | D:1      | Reached XP level 2. HP: 15/23 MP: 2/2
   325 | D:1      | 325 ||| FLEEEEING.
   326 | D:1      | 326 ||| FLEEEEING.
   327 | D:1      | 327 ||| FLEEEEING.
   328 | D:1      | 328 ||| FLEEEEING.
   329 | D:1      | 329 ||| FLEEEEING.
   429 | D:1      | Reached XP level 3. HP: 29/29 MP: 3/3
   825 | D:1      | 825 ||| UPGRADING to amulet of faith.
   830 | D:1      | 830 ||| READING 2 scrolls labelled ZEVUGHASASE.
   831 | D:1      | 831 ||| READING scroll labelled FIOD VYECWUC.
   884 | D:1      | 884 ||| READING 3 scrolls labelled MAAL YTSA RIEX.
   885 | D:1      | 885 ||| READING 2 scrolls labelled LAF ODOELUNISCHA.
   886 | D:1      | 886 ||| READING scroll labelled GEOSIO DARRI.
   887 | D:1      | 887 ||| DROPPING scroll of poison.
   888 | D:1      | 888 ||| DROPPING 2 scrolls of butterflies.
   889 | D:1      | 889 ||| DROPPING scroll of vulnerability.
   942 | D:2      | Reached skill level 4 in Ranged Weapons
   975 | D:2      | Reached XP level 4. HP: 24/36 MP: 4/4
  1341 | D:2      | Reached skill level 5 in Ranged Weapons
  1436 | D:2      | Noticed Robin
  1443 | D:2      | HP: 6/37 [hobgoblin[Robin] (5)]
  1443 | D:2      | Slain by a hobgoblin

Levels and vault maps discovered:
D:1:      erik_arrival_triangle_small, layout_basic
D:2:      layout_basic, minmay_diced_spiral, uniq_robin

Skill      XL: |  1  2  3  4 |
---------------+-------------+-----
Ranged Weapons | 3 4 5 |  5.0
Fighting       | 2 |  2.7
Dodging        | |  2.1
Spellcasting   | |  1.0
Hexes          | |  2.0

Action                     |  1- 3 |  4- 6 || total
---------------------------+-------+-------++-------
   Fire: Sling             |   132 |    55 ||   187
    Use: Scroll            |     5 |       ||     5
 Armour: Robe              |    14 |     5 ||    19
  Dodge: Dodged            |    44 |    19 ||    63

Table legend:
 A = Non-vault XP
 B = Vault XP
 C = Vault XP percentage of total XP
 D = Non-vault monster count
 E = Vault monster count
 F = Vault count percentage of total count
                 A         B        C        D         E       F
            +---------+---------+-------+---------+---------+-------
      Total |     129 |      41 |  24.1 |      55 |      17 |  23.6
            +---------+---------+-------+---------+---------+-------
        D:1 |      59 |       0 |   0.0 |      36 |       0 |   0.0
        D:2 |      70 |      41 |  36.9 |      19 |      17 |  47.2
            +---------+---------+-------+---------+---------+-------
